 Dungeon Crawl Stone Soup version 0.26-a0-812-g31a745ddcd (webtiles) character file.

Game seed: 14290966626850539036

513822 lorenzova the Sorcerer (level 24, -6/132 HPs)
             Began as a Deep Elf Conjurer on Nov 12, 2020.
             Was the Champion of Vehumet.
             Mangled by a boulder beetle (51 damage)
             ... on level 5 of the Vaults on Nov 16, 2020.
             The game lasted 04:40:21 (73749 turns).

lorenzova the Sorcerer (Deep Elf Conjurer)         Turns: 73749, Time: 04:40:21

Health: -6/132     AC: 26    Str:  3    XL:     24   Next: 42%
Magic:  44/64      EV: 17    Int: 48    God:    Vehumet [******]
Gold:   6085       SH: 14    Dex: 28    Spells: 9/75 levels left

rFire    + + +     SeeInvis +   r - +3 Elemental Staff {rElec rF++ rC++ MR++ AC+5}
rCold    + + +     Faith    .   F - +2 buckler {reflect}
rNeg     . . .     Spirit   .   L - +6 ring mail of Fortification {Int+5}
rPois    .         Reflect  +   H - +0 hat "Wekkeb" {Int+5 Dex+4} (curse)
rElec    +         Harm     .   w - +1 cloak of Starlight {rElec rC+ EV+4 Stlth--}
rCorr    .         Rampage  +   m - +4 pair of gloves "Wias" {rC+++ Str-3 Dex+8 Stlth-}
MR       +++++                  V - +0 pair of boots {rampage}
Stlth    ..........             Q - amulet "Tuthaock" {Reflect rC+ Slay-6 SH+5 SInv}
HPRegen  0.32/turn              C - ring of Cosk {MP+9 Int+7 Dex+3}
MPRegen  0.39/turn              D - ring of Noiluep {Fire MR+ Str+2 Int-5 Stlth+}

@: studying 2 skills, drained
A: no striking features
}: 2/15 runes: barnacled, gossamer
a: Renounce Religion


You were on level 5 of the Vaults.
You worshipped Vehumet.
Vehumet was exalted by your worship.
You visited 8 branches of the dungeon, and saw 43 of its levels.
You also visited: Trove, Gauntlet and Ice Cave.

You collected 9200 gold pieces.
You spent 3115 gold pieces at shops.

Inventory:

Hand Weapons
 q - the +2 flail of Beogh's Delight {venom, +Blink +Inv rPois Stlth-}
   (You bought it in a shop on level 2 of the Orcish Mines)

   It poisons the flesh of those it strikes.
   It protects you from poison.
   It lets you turn invisible.
   It lets you blink.
   It makes you less stealthy.
 r - the +3 Elemental Staff (weapon) {rElec rF++ rC++ MR++ AC+5}
   (You found it on level 14 of the Dungeon)

   It affects your AC (+5).
   It greatly protects you from fire.
   It greatly protects you from cold.
   It insulates you from electricity.
   It affects your resistance to hostile enchantments.
Armour
 m - the +4 pair of gloves "Wias" (worn) {rC+++ Str-3 Dex+8 Stlth-}
   (You found it on level 11 of the Dungeon)

   It affects your strength (-3).
   It affects your dexterity (+8).
   It renders you almost immune to cold.
   It makes you less stealthy.
 w - the +1 cloak of Starlight (worn) {rElec rC+ EV+4 Stlth--}
   (You found it on level 15 of the Dungeon)

   It affects your evasion (+4).
   It protects you from cold.
   It insulates you from electricity.
   It makes you much less stealthy.
 F - a +2 buckler of reflection (worn)
 H - the cursed +0 hat "Wekkeb" (worn) {Int+5 Dex+4}
   (You found it on level 14 of the Dungeon)

   It affects your intelligence (+5).
   It affects your dexterity (+4).
   It has a curse placed upon it.
 L - the +6 ring mail of Fortification (worn) {Int+5}
   (You found it on level 15 of the Dungeon)

   It affects your intelligence (+5).
 R - a +1 cloak of preservation
 V - a +0 pair of boots of rampaging (worn)
Magical Staves
 B - an uncursed staff of conjuration
 T - an uncursed staff of fire
Jewellery
 k - the amulet "Roubbeuh" {Reflect rC++ Int+6 SH+5}
   (You found it on level 4 of the Lair of Beasts)

   [amulet of reflection]

   It shields you and reflects attacks.
   It affects your intelligence (+6).
   It greatly protects you from cold.
   It affects your SH (+5).
 C - the ring of Cosk (left hand) {MP+9 Int+7 Dex+3}
   (You found it on level 14 of the Dungeon)

   [ring of magical power]

   It affects your intelligence (+7).
   It affects your dexterity (+3).
   It affects your magic capacity (+9).
 D - the ring of Noiluep (right hand) {Fire MR+ Str+2 Int-5 Stlth+}
   (You found it in a Gauntlet)

   [ring of fire]

   It enhances your fire magic.
   It affects your strength (+2).
   It affects your intelligence (-5).
   It protects you from fire.
   It makes you vulnerable to cold.
   It affects your resistance to hostile enchantments.
   It makes you more stealthy.
 G - an uncursed ring of poison resistance
 O - an uncursed amulet of magic regeneration
 Q - the amulet "Tuthaock" (around neck) {Reflect rC+ Slay-6 SH+5 SInv}
   (You took it off a deep elf annihilator on level 3 of the Elven Halls)

   [amulet of reflection]

   It shields you and reflects attacks.
   It affects your accuracy and damage with ranged weapons and melee attacks
   (-6).
   It protects you from cold.
   It lets you see invisible.
   It affects your SH (+5).
Wands
 b - a wand of digging (7)
 p - a wand of acid (14)
Scrolls
 a - 2 scrolls of torment
 f - 6 scrolls of amnesia
 g - 7 scrolls of fog
 h - 19 scrolls of teleportation
 i - 7 scrolls of immolation
 j - 10 scrolls of enchant armour
 o - 8 scrolls of magic mapping
 y - 23 scrolls of remove curse
 E - 2 scrolls of holy word
 I - a scroll of silence
 J - a scroll of blinking
 M - 4 scrolls of fear
 N - 14 scrolls of identify
 Y - 5 scrolls of vulnerability
Potions
 c - 5 potions of haste
 d - 17 potions of heal wounds
 e - 12 potions of flight
 l - 3 potions of invisibility
 n - 15 potions of curing
 s - 5 potions of magic
 t - 9 potions of brilliance
 v - 2 potions of cancellation
 x - 10 potions of mutation
 A - 3 potions of resistance
 X - 2 potions of ambrosia
 Z - 7 potions of lignification
Books
 u - a manual of Spellcasting
 z - a manual of Maces & Flails


   Skills:
 + Level 7.8(7.1) Fighting
 + Level 7.9(7.2) Armour
 + Level 11.6(10.7) Dodging
 - Level 2.4(1.7) Stealth
 - Level 4.0(3.3) Shields
 * Level 26.1(25.0) Spellcasting
 * Level 22.5(21.4) Conjurations
 - Level 9.0(8.2) Hexes
 - Level 6.0(5.2) Translocations
 * Level 22.0(21.0) Fire Magic
 * Level 16.9(15.9) Air Magic


You had 9 spell levels left.
You knew the following spells:

 Your Spells              Type           Power        Failure   Level
a - Magic Dart            Conj           ####         0%          1
b - Iskenderun's Battles  Conj           ########     0%          5
c - Iskenderun's Mystic   Conj/Tloc      ########     1%          4
d - Fulminant Prism       Conj/Hex       ########..   1%          4
e - Foxfire               Conj/Fire      ####         0%          1
f - Fireball              Conj/Fire      #########.   0%          5
i - Ignition              Fire           #########.   1%          8
j - Swiftness             Air            ########     0%          2
k - Chain Lightning       Conj/Air       #########.   1%          8
l - Lightning Bolt        Conj/Air       #########.   0%          5
o - Orb of Destruction    Conj           ########..   1%          7
p - Blink                 Tloc           N/A          1%          2
v - Fire Storm            Conj/Fire      #########.   7%          9
x - Conjure Flame         Conj/Fire      ########     0%          3
z - Searing Ray           Conj           ######       0%          2

Your spell library contained the following spells:

 Spells                   Type           Power        Failure   Level
 Tornado                  Air            ########..   45%         9
 Shock                    Conj/Air       ####         0%          1
 Dazzling Flash           Conj/Hex       ######       0%          3
 Static Discharge         Conj/Air       ########     0%          3
 Sticky Flame             Conj/Fire      ########     0%          4
 Animate Skeleton         Necr           ######       1%          1
 Beastly Appendage        Tmut           ######       1%          1
 Corona                   Hex            #######      1%          1
 Freeze                   Ice            ####         1%          1
 Pain                     Necr           ####         1%          1
 Summon Small Mammal      Summ           ####         1%          1
 Call Imp                 Summ           ######..     1%          2
 Corpse Rot               Necr/Air       N/A          1%          2
 Ensorcelled Hibernation  Hex/Ice        ######       1%          2
 Poisonous Vapours        Pois/Air       ######       1%          2
 Slow                     Hex            #######.     1%          2
 Sublimation of Blood     Necr           ######....   1%          2
 Wereblood                Tmut           ######..     1%          2
 Confusing Touch          Hex            #######.     1%          3
 Frozen Ramparts          Ice            ######       1%          3
 Ignite Poison            Fire/Tmut/Pois ########     1%          3
 Mephitic Cloud           Conj/Pois/Air  ########     1%          3
 Summon Guardian Golem    Hex/Summ       #######.     1%          3
 Tukima's Dance           Hex            #######.     1%          3
 Hailstorm                Conj/Ice       ########     1%          4
 Summon Lightning Spire   Summ/Air       ########     1%          4
 Bolt of Magma            Conj/Fire/Erth #########.   1%          5
 Irradiate                Conj/Tmut      ########..   1%          5
 Silence                  Hex/Air        ########..   1%          5
 Freezing Cloud           Conj/Ice/Air   #########.   1%          6
 Iron Shot                Conj/Erth      ########..   1%          6
 Starburst                Conj/Fire      #########.   1%          6
 Call Canine Familiar     Summ           ######..     4%          3
 Ozocubu's Armour         Ice            ######..     4%          3
 Spider Form              Tmut/Pois      ######....   4%          3
 Vampiric Draining        Necr           ######....   4%          3
 Spellforged Servitor     Conj/Summ      ########..   4%          7
 Metabolic Englaciation   Hex/Ice        #######...   7%          5
 Summon Forest            Summ/Tloc      ######....   13%         5
 Animate Dead             Necr           ######....   14%         4
 Dispel Undead            Necr           ######..     14%         4
 Ice Form                 Ice/Tmut       ######..     14%         4
 Summon Ice Beast         Ice/Summ       ######..     14%         4
 Agony                    Necr           ######..     36%         5
 Alistair's Intoxication  Tmut/Pois      ######...    36%         5
 Blade Hands              Tmut           ######....   36%         5
 Borgnjor's Vile Clutch   Necr/Erth      ######....   36%         5
 Excruciating Wounds      Necr           ######....   36%         5
 Ozocubu's Refrigeration  Ice            ######....   45%         6
 Death Channel            Necr           ######....   91%         6
 Hydra Form               Tmut           ######....   91%         6
 Simulacrum               Ice/Necr       ######....   91%         6
 Statue Form              Tmut/Erth      ######...    91%         6
 Malign Gateway           Summ/Tloc      ######....   99%         7
 Dragon Form              Tmut           ######....   100%        7
 Dragon's Call            Summ           ######....   100%        9
 Shatter                  Erth           ######....   100%        9


Dungeon Overview and Level Annotations

Branches:
Dungeon (15/15)            Temple (0/1) D:5            Lair (6/6) D:11
 Shoals (4/4) Lair:4       Spider (4/4) Lair:4        Slime (0/5) Lair:5
    Orc (2/2) D:10            Elf (3/3) Orc:2        Vaults (5/5) D:13
  Crypt (0/3) Vaults:2     Depths (4/5) D:15          IceCv (visited)
Gauntlet (visited)

Altars:
Cheibriados
Gozag
Hepliaklqana
Kikubaaqudgha
Makhleb
Okawaru
Qazlal
Sif Muna
Vehumet
Yredelemnul
Zin
Beogh

Shops:
D:7 }(?   D:12 *   Orc:1 ?   Orc:2 =?*   Elf:1 }?   Elf:2 [   Shoals:1 *[(*
Shoals:3 [   Vaults:1 *   Vaults:3 [   Depths:1 *   Depths:2 (

Portals:
Hell: Depths:1 Depths:2 Depths:3 Depths:4
Abyss: Depths:4
Pandemonium: Depths:3
Ziggurat: Depths:1

Annotations:
Depths:2 2 transporters


Message History

The vault warden throws a throwing net.
The throwing net hits you.
You become entangled in the net!
The shadow dragon is engulfed in blazing flames.
Casting: Fire Storm (dangerous; 3% risk of failure)
Confirm with . or Enter, or press ? or * to list all spells.
You blink.
A stone giant comes into view.
The boulder beetle blinks!
The stone giant throws a large rock.
The large rock hits you!!!
The shadow dragon breathes negative energy at you.
The bolt of negative energy hits you!!!
You feel drained.
Press: ? - help, Dir - move target cursor
As you read the scroll of blinking, it crumbles to dust.
The boulder beetle curls into a ball and begins rolling!
A frost giant comes into view.
It is wielding a +2 battleaxe of freezing.
A tengu reaver comes into view.
It is wielding a +0 battleaxe of freezing.
The goliath frog changes into a great orb of eyes!
The stone giant throws a large rock.
The large rock misses you. The boulder beetle hits you!!!
You die...

.....#....#.....
.C..#....#.v.)
.[.#....#°).
.D...[[...).
#####.[[[[[v.#####
....)[[T...[......
.....[.v<○).[.....
....[[.@B.<.[[....
.....[..<<..[.....
#####.[G...[..p###
#[).[[[[.D.#.#
#Q#.#.[[.))#[#p#
#.#)##.....#.#.#)
##.# #)..(#v#.#.#
## #...C##.#.#)
#....#


You could see a shadow dragon, a storm dragon, a frost giant, a stone giant, a
vault warden, a tengu reaver, a boulder beetle, a great orb of eyes shaped
shifter, a deep troll shaped shifter and 4 friendly fire vortices.

Vanquished Creatures
  Mara (Shoals:4)
  A juggernaut (Depths:3)
  Boris (Vaults:4)
  Xtahua (Vaults:4)
  A tentacled monstrosity (Vaults:3)
  Asterion (Vaults:1)
  Jorgrun (Orc:2)
  7 liches
  A quicksilver dragon (Vaults:3)
  2 deep elf blademasters
  3 deep elf master archers (Elf:3)
  A titan (Vaults:5)
  A kraken (Shoals:1)
  7 sphinxes
  A shadow dragon (Vaults:5)
  Roxanne (Elf:1)
  5 storm dragons
  6 nagarajas
  6 frost giants
  Donald (Orc:2)
  3 tengu reavers
  6 fire giants
  An orc warlord (Orc:2)
  4 ghost moths
  2 iron dragons
  Aizul (Shoals:2)
  15 vault wardens
  4 deep elf sorcerers
  3 emperor scorpions (Spider:4)
  Louise (Elf:3)
  A spriggan defender (Depths:4)
  9 deep elf elementalists
  12 ironheart preservers
  14 very ugly things
  3 vampire knights
  9 entropy weavers
  A lorocyproca (Depths:3)
  12 stone giants
  The ghost of kae the Impaler, a journeyman MfGl of Okawaru (Lair:4)
  A minotaur (Gauntlet)
  3 deep elf demonologists (Elf:3)
  8 deep elf annihilators
  9 spark wasps
  11 ettins
  The ghost of Pibbaybb the Carver, a journeyman MiFi of Yredelemnul (D:14)
  An eidolon (Vaults:2)
  6 deep elf death magi
  3 jiangshi (Depths:2)
  5 merfolk impalers
  16 ogre magi
  4 merfolk javelineers
  6 fire dragons
  11 yaktaur captains
  9 great orbs of eyes
  3 deep elf high priests
  11 ice dragons
  38 vault guards
  4 rakshasas
  2 alligator snapping turtles (Shoals:4)
  10 hydras
  An anaconda (shapeshifter) (Vaults:3)
  3 naga warriors (Depths:3)
  3 spriggan air magi
  14 boulder beetles
  8 merfolk aquamancers
  4 merfolk avatars
  49 two-headed ogres
  A death knight (Vaults:1)
  3 anacondas (Depths:3)
  A queen ant (Spider:3)
  A satyr (Shoals:4)
  23 dancing weapons
  5 death yaks (Lair:6)
  8 tengu warriors
  10 centaur warriors
  10 deep troll earth magi
  9 deep troll shamans
  A vampire mage (Depths:2)
  3 spriggan berserkers
  4 orc high priests (Orc:2)
  18 deep elf knights
  Sonja (Lair:3)
  A fire crab (Lair:5)
  3 fire crabs (shapeshifter)
  5 hell knights (Depths:3)
  2 sixfirhies (Depths:3)
  An iron troll (Depths:1)
  A storm dragon skeleton (Depths:4)
  9 skeletal warriors
  10 sea snakes
  5 glowing orange brains
  A shadow wraith (Vaults:3)
  7 unseen horrors
  36 deep trolls
  An entropy weaver zombie (Vaults:1)
  An orange crystal statue (Depths:1)
  6 wizards
  A glowing orange brain (shapeshifter) (Vaults:4)
  5 flayed ghosts
  8 harpies
  A tengu zombie (Depths:4)
  A swamp dragon (shapeshifter) (Depths:4)
  25 deep elf archers
  10 ironbrand convokers
  4 necromancers
  2 lindwurms (Depths:3)
  17 orc knights
  7 orc sorcerers
  3 phantasmal warriors
  A wolf spider zombie (D:14)
  69 deep elf magi
  A harpy (shapeshifter) (Vaults:3)
  37 ugly things
  A faun (shapeshifter) (Vaults:5)
  17 fauns
  7 cyclopes
  A fire giant zombie (Vaults:1)
  26 wolf spiders
  19 manticores
  12 orb spiders
  A shining eye (shapeshifter) (Vaults:3)
  3 large abominations (Elf:1)
  A moth of wrath (Lair:4)
  An iron dragon skeleton (Depths:4)
  6 elephants (Lair:6)
  2 ice statues (IceCv)
  4 guardian serpents (Depths:3)
  7 merfolk sirens
  A titan simulacrum (Depths:4)
  12 vault sentinels
  A black mamba (shapeshifter) (D:15)
  A naga mage (Depths:3)
  7 centaur skeletons
  2 smoke demons
  3 centaur zombies
  A torpor snail (Spider:2)
  7 black mambas
  A gargoyle (D:13)
  An orange demon (Depths:3)
  Maggie (D:7)
  12 cane toads
  54 yaktaurs
  A kobold demonologist (D:12)
  A rime drake (shapeshifter) (Vaults:1)
  6 rime drakes
  9 komodo dragons
  10 freezing wraiths
  A yaktaur (shapeshifter) (Depths:1)
  An ice devil (Depths:1)
  24 merfolk
  3 tengu conjurers
  9 wind drakes
  7 demonic crawlers
  7 trolls
  9 polar bears
  18 hornets
  A wind drake (shapeshifter) (D:15)
  A queen bee (shapeshifter) (Vaults:4)
  A meliai (shapeshifter) (Vaults:4)
  13 jumping spiders
  22 slime creatures
  12 snapping turtles
  12 blink frogs
  7 dream sheep (Lair:4)
  A centaur simulacrum (D:15)
  A meliai zombie (D:12)
  Sigmund (D:7)
  25 tarantellas
  2 shadows (D:15)
  3 wraiths
  An ettin skeleton (Vaults:1)
  73 redbacks
  13 spriggans
  6 wyverns
  2 air elementals
  A human (shapeshifter) (Elf:3)
  34 water elementals
  59 yaks
  3 vampires
  A wyvern (shapeshifter) (Vaults:4)
  A basilisk (shapeshifter) (D:14)
  A golden eye (shapeshifter) (Vaults:2)
  A hog (shapeshifter) (Vaults:1)
  2 hogs (Elf:1)
  6 basilisks
  4 fire elementals
  6 vampire mosquitoes
  A yaktaur simulacrum (Vaults:1)
  Edmund (D:7)
  15 nagas (Depths:3)
  15 soldier ants
  A swamp worm (shapeshifter) (D:15)
  8 wargs
  Duvessa (D:4)
  A floating eye (Depths:3)
  64 orc warriors
  20 water moccasins
  4 sky beasts
  3 phantoms
  7 black bears
  15 ice beasts
  10 boggarts
  A tengu (shapeshifter) (D:15)
  77 wolves
  4 eyes of draining
  43 ogres
  28 centaurs
  2 big kobolds
  19 bullfrogs
  An elf zombie (Elf:1)
  Dowan (D:4)
  2 earth elementals
  6 scorpions
  6 killer bees (D:12)
  13 wights
  5 howler monkeys
  3 electric eels
  A crimson imp (Gauntlet)
  6 hounds
  3 jellies
  2 quasits
  2 bullfrog skeletons
  44 orc priests
  2 bullfrog zombies
  3 iguanas
  31 orc wizards
  23 worker ants
  A hound zombie (D:10)
  2 hound skeletons
  Robin (D:3)
  4 gnolls (D:4)
  13 adders
  5 shadow imps
  17 white imps
  An ooze (D:4)
  An adder zombie (D:7)
  2 adder skeletons
  3 worms
  5 dart slugs
  4 leopard geckos
  140 orcs
  A bat (D:1)
  2 giant cockroaches
  11 goblins
  12 hobgoblins
  9 kobolds
  3 quokkas
  4 ball pythons
  6 frilled lizards
  A leopard gecko zombie (D:6)
  2 quokka zombies
  6 rats
  A butterfly (Lair:6)
  A fire vortex (Vaults:5)
2160 creatures vanquished.

Vanquished Creatures (collateral kills)
  2 black mambas (Lair:5)
  A polar bear (Lair:5)
  A warg (shapeshifter) (Vaults:4)
  An orc warrior (Orc:2)
  2 wolves (Lair:5)
  2 jellies (Lair:5)
  An ooze (Lair:5)
  An orc (Orc:2)
11 creatures vanquished.

Vanquished Creatures (others)
  A water elemental (Elf:1)
  A fire elemental (D:11)
  A water moccasin (Lair:5)
  3 demonic plants (Gauntlet)
  7 fire vortices
  146 fulminant prisms
  57 fungi
  178 plants
394 creatures vanquished.

Grand Total: 2565 creatures vanquished

Notes
Turn   | Place    | Note
-------+----------+-------------------------------------------
     0 | D:1      | lorenzova the Deep Elf Conjurer began the quest for the
                  | Orb.
     0 | D:1      | Reached XP level 1. HP: 10/10 MP: 6/6
   482 | D:1      | Reached XP level 2. HP: 15/15 MP: 3/8
   566 | D:1      | Learned a level 2 spell: Searing Ray
  1313 | D:2      | Reached skill level 4 in Spellcasting
  1313 | D:2      | Reached skill level 5 in Conjurations
  1313 | D:2      | Reached XP level 3. HP: 19/19 MP: 4/10
  1365 | D:2      | Learned a level 3 spell: Conjure Flame
  1368 | D:2      | Learned a level 2 spell: Blink
  1655 | D:2      | Found a radiant altar of Vehumet.
  1670 | D:2      | Became a worshipper of Vehumet
  2007 | D:3      | Reached skill level 1 in Fire Magic
  2007 | D:3      | Reached XP level 4. HP: 24/24 MP: 5/12
  2178 | D:3      | Found a snail-covered altar of Cheibriados.
  2303 | D:3      | Reached skill level 5 in Spellcasting
  2303 | D:3      | Reached XP level 5. HP: 28/28 MP: 9/14
  2836 | D:3      | Noticed Robin
  2837 | D:3      | Reached * piety under Vehumet
  2837 | D:3      | Offered knowledge of Foxfire by Vehumet.
  2840 | D:3      | Killed Robin
  2843 | D:3      | Reached XP level 6. HP: 32/32 MP: 8/16
  3160 | D:3      | Learned a level 1 spell: Foxfire
  3735 | D:4      | Reached skill level 6 in Spellcasting
  4138 | D:4      | Noticed Dowan
  4142 | D:4      | Noticed Duvessa
  4330 | D:4      | Killed Duvessa
  4330 | D:4      | Reached XP level 7. HP: 36/36 MP: 10/18
  4335 | D:4      | Killed Dowan
  4705 | D:5      | Entered Level 5 of the Dungeon
  4718 | D:5      | Found a staircase to the Ecumenical Temple.
  5013 | D:5      | Reached ** piety under Vehumet
  5143 | D:5      | Offered knowledge of Sandblast by Vehumet.
  5173 | D:5      | Reached skill level 7 in Spellcasting
  5553 | D:5      | Found a glowing silver altar of Zin.
  6055 | D:6      | Reached skill level 5 in Fire Magic
  6190 | D:6      | Reached XP level 8. HP: 39/41 MP: 14/21
  6474 | D:6      | Reached skill level 8 in Spellcasting
  6887 | D:7      | You fall into a shaft and drop 2 floors!
  6955 | D:7      | Found an opulent altar of Gozag.
  7013 | D:7      | Found Mowysar's Magic Scroll Emporium.
  7120 | D:7      | Bought a scroll of remove curse for 33 gold pieces
  7230 | D:7      | Found Dafoneog's Weapon Shoppe.
  7509 | D:7      | Found a stormy altar of Qazlal.
  7510 | D:7      | Noticed Maggie
  8152 | D:7      | Noticed Edmund
  8165 | D:7      | Killed Edmund
  8165 | D:7      | Reached skill level 9 in Spellcasting
  8333 | D:7      | Killed Maggie
  8409 | D:7      | Found Vableqoe's Gadget Boutique.
  8450 | D:7      | Noticed Sigmund
  8464 | D:7      | Learned a level 4 spell: Iskenderun's Mystic Blast
  8469 | D:7      | Learned a level 4 spell: Fulminant Prism
  8478 | D:7      | Killed Sigmund
  8478 | D:7      | Reached XP level 9. HP: 28/45 MP: 16/24
  8642 | D:7      | Reached skill level 1 in Hexes
  8951 | D:8      | Offered knowledge of Stone Arrow by Vehumet.
  8955 | D:8      | Reached skill level 1 in Translocations
  9200 | D:8      | Reached skill level 10 in Spellcasting
  9723 | D:9      | Found an iron altar of Okawaru.
  9922 | D:9      | Found a burning altar of Makhleb.
  9959 | D:9      | Reached *** piety under Vehumet
 10111 | D:9      | Noticed a troll
 10115 | D:9      | Killed a troll
 10588 | D:10     | Entered Level 10 of the Dungeon
 10764 | D:10     | Reached XP level 10. HP: 35/50 MP: 26/26
 10903 | D:10     | Reached skill level 10 in Conjurations
 10910 | D:10     | Killed an unseen horror
 10910 | D:10     | Reached skill level 11 in Spellcasting
 11320 | D:10     | Offered knowledge of Static Discharge by Vehumet.
 11339 | D:10     | Found a transporter.
 11341 | D:10     | Found a transporter.
 11688 | D:10     | Found a staircase to the Orcish Mines.
 11832 | D:10     | Found a roughly hewn altar of Beogh.
 11832 | D:10     | Noticed a cyclops
 11832 | D:10     | Noticed an orc sorcerer
 12201 | D:11     | Noticed a skeletal warrior
 12215 | D:11     | Killed a skeletal warrior
 12219 | D:11     | Noticed a skeletal warrior
 12224 | D:11     | Noticed a skeletal warrior
 12226 | D:11     | Killed a skeletal warrior
 12226 | D:11     | Reached skill level 5 in Hexes
 12444 | D:11     | Noticed a skeletal warrior
 12453 | D:11     | Killed a skeletal warrior
 12453 | D:11     | Reached skill level 12 in Spellcasting
 12532 | D:11     | Killed a skeletal warrior
 12532 | D:11     | Reached XP level 11. HP: 54/54 MP: 22/29
 12654 | D:11     | Got a pair of distressingly furry gloves
 12670 | D:11     | Noticed a skeletal warrior
 12689 | D:11     | Killed a skeletal warrior
 12707 | D:11     | Reached skill level 10 in Fire Magic
 12819 | D:11     | Reached **** piety under Vehumet
 12906 | D:11     | Found a transporter.
 12907 | D:11     | Noticed a boulder beetle
 12908 | D:11     | Found a transporter.
 12908 | D:11     | Noticed a boulder beetle
 12908 | D:11     | Noticed a boulder beetle
 12908 | D:11     | Noticed a white ugly thing
 12920 | D:11     | Killed a white ugly thing
 13087 | D:11     | Reached skill level 5 in Translocations
 13185 | D:11     | Found a staircase to the Lair.
 13235 | D:11     | Found a large runed translucent door.
 13239 | D:11     | Found a large runed translucent door.
 14113 | D:11     | Identified the +4 pair of gloves "Wias" {rC+++ Str-3 Dex+8
                  | Stlth-} (You found it on level 11 of the Dungeon)
 14488 | Lair:1   | Entered Level 1 of the Lair of Beasts
 14590 | Lair:1   | Reached skill level 13 in Spellcasting
 14816 | Lair:1   | Offered knowledge of Irradiate by Vehumet.
 15651 | Lair:2   | Noticed a six-headed hydra
 15661 | Lair:2   | Killed a six-headed hydra
 15706 | Lair:2   | Reached XP level 12. HP: 59/59 MP: 23/31
 15879 | Lair:2   | Reached ***** piety under Vehumet
 15879 | Lair:2   | Offered knowledge of Freezing Cloud by Vehumet.
 16060 | Lair:2   | Reached skill level 14 in Spellcasting
 16924 | Lair:3   | Noticed a four-headed hydra
 16934 | Lair:3   | Killed a four-headed hydra
 17188 | Lair:3   | Noticed Sonja
 17190 | Lair:3   | Killed Sonja
 17345 | Lair:3   | Noticed an eight-headed hydra
 17362 | Lair:3   | Killed an eight-headed hydra
 17924 | Lair:4   | Noticed a seven-headed hydra
 18175 | Lair:4   | Found a transporter.
 18182 | Lair:4   | Noticed a seven-headed hydra
 18385 | Lair:4   | Noticed kae's ghost (journeyman MfGl)
 18393 | Lair:4   | Found a transporter.
 18418 | Lair:4   | Reached skill level 15 in Spellcasting
 18526 | Lair:4   | Found a hole to the Spider Nest.
 18540 | Lair:4   | Reached XP level 13. HP: 63/63 MP: 30/34
 19019 | Lair:4   | Found a staircase to the Shoals.
 19285 | Lair:4   | Learned a level 4 spell: Summon Lightning Spire
 19606 | Lair:5   | Reached skill level 1 in Air Magic
 20080 | Lair:5   | Found a staircase to the Slime Pits.
 20218 | Lair:5   | Offered knowledge of Iskenderun's Battlesphere by Vehumet.
 20225 | Lair:5   | Learned a level 5 spell: Iskenderun's Battlesphere
 20483 | Lair:6   | Entered Level 6 of the Lair of Beasts
 21186 | Lair:6   | Reached skill level 16 in Spellcasting
 22058 | Lair:6   | Reached XP level 14. HP: 68/68 MP: 30/36
 22275 | Lair:6   | Identified the cursed +0 trident of the Three Xenops
                  | {antimagic, Dex+4 SInv}
 23304 | Orc:1    | Entered Level 1 of the Orcish Mines
 23450 | Orc:1    | Reached ****** piety under Vehumet
 23547 | Orc:1    | Found Zywaps's Magic Scroll Shoppe.
 23549 | Orc:1    | Found a roughly hewn altar of Beogh.
 23729 | Orc:2    | Entered Level 2 of the Orcish Mines
 23862 | Orc:2    | Offered knowledge of Bolt of Magma by Vehumet.
 23914 | Orc:2    | Learned a level 5 spell: Bolt of Magma
 24029 | Orc:2    | Reached skill level 1 in Shields
 24084 | Orc:2    | Noticed Donald
 24258 | Orc:2    | Killed Donald
 24258 | Orc:2    | Reached skill level 17 in Spellcasting
 24258 | Orc:2    | Reached skill level 15 in Conjurations
 24531 | Orc:1    | Found a roughly hewn altar of Beogh.
 24836 | Orc:2    | Found a staircase to the Elven Halls.
 25389 | Orc:2    | Noticed an orc warlord
 25399 | Orc:2    | Killed an orc warlord
 25399 | Orc:2    | Reached skill level 5 in Air Magic
 25508 | Orc:2    | Noticed Jorgrun
 25523 | Orc:2    | Killed Jorgrun
 25786 | Orc:2    | Found a roughly hewn altar of Beogh.
 25808 | Orc:2    | Offered knowledge of Lightning Bolt by Vehumet.
 25815 | Orc:2    | Learned a level 5 spell: Lightning Bolt
 25845 | Orc:2    | Found Vookeros's General Store.
 25994 | Orc:2    | Found Rokewil's Magic Scroll Shoppe.
 26136 | Orc:2    | Found Dariquss's Weapon Boutique.
 26167 | Orc:2    | Found a roughly hewn altar of Beogh.
 26230 | Orc:2    | Found Ummeik's Jewellery Shop.
 26944 | Orc:2    | Bought a scroll of blinking for 97 gold pieces
 26944 | Orc:2    | Bought a scroll of identify for 26 gold pieces
 26944 | Orc:2    | Bought a scroll of teleportation for 39 gold pieces
 27009 | Orc:1    | Bought a scroll of teleportation for 42 gold pieces
 27009 | Orc:1    | Bought a scroll of teleportation for 42 gold pieces
 27009 | Orc:1    | Bought a scroll of identify for 28 gold pieces
 27249 | Orc:1    | Reached XP level 15. HP: 72/72 MP: 35/38
 27626 | D:12     | Got a heavily jewelled robe
 27660 | D:12     | Found Wuqugh's General Store.
 27796 | D:12     | Found a gate leading to a gauntlet.
 27805 | Gauntlet | Entered a Gauntlet
 27805 | Gauntlet | Found a transporter.
 27817 | Gauntlet | Found a transporter.
 27818 | Gauntlet | Found a transporter.
 27819 | Gauntlet | Found a transporter.
 27827 | Gauntlet | Found a transporter.
 27829 | Gauntlet | Found a transporter.
 27830 | Gauntlet | Found a transporter.
 27836 | Gauntlet | Found a runed translucent gate.
 27836 | Gauntlet | Found a runed translucent gate.
 27838 | Gauntlet | Found a transporter.
 27841 | Gauntlet | Found a transporter.
 27842 | Gauntlet | Found a transporter.
 27850 | Gauntlet | Found a transporter.
 27850 | Gauntlet | Found a runed translucent gate.
 27853 | Gauntlet | Found a transporter.
 27854 | Gauntlet | Found a transporter.
 27862 | Gauntlet | Found a transporter.
 27936 | Gauntlet | Identified the +0 robe "Faof" {Harm MR+ rCorr Str-3} (You
                  | found it on level 12 of the Dungeon)
 27957 | Gauntlet | Got a shimmering iron ring
 27959 | Gauntlet | Identified the ring of Noiluep {Fire MR+ Str+2 Int-5
                  | Stlth+} (You found it in a Gauntlet)
 28043 | D:12     | Found a frozen archway.
 28049 | D:12     | Offered knowledge of Fireball by Vehumet.
 28063 | IceCv    | Entered an ice cave
 28131 | IceCv    | Learned a level 5 spell: Fireball
 28167 | IceCv    | Reached skill level 15 in Fire Magic
 28692 | D:12     | Reached skill level 18 in Spellcasting
 29457 | D:13     | Found a gate to the Vaults.
 29635 | D:13     | Offered knowledge of Starburst by Vehumet.
 30270 | D:14     | Found a runed translucent gate.
 30270 | D:14     | Found a runed translucent gate.
 30270 | D:14     | Found a runed translucent gate.
 30271 | D:14     | Found an ancient bone altar of Kikubaaqudgha.
 30271 | D:14     | Noticed a lich
 30271 | D:14     | Noticed a lich
 30271 | D:14     | Noticed Pibbaybb's ghost (journeyman MiFi)
 30272 | D:14     | Noticed a lich
 30272 | D:14     | Noticed a lich
 30274 | D:14     | Found the +3 Elemental Staff {rElec rF++ rC++ MR++ AC+5}
 30955 | D:14     | Found a portal to a secret trove of treasure.
 31234 | D:14     | Upgraded the game from 0.26-a0-712-ga5a9c9c9d0 to
                  | 0.26-a0-812-g31a745ddcd
 31255 | D:15     | Entered Level 15 of the Dungeon
 31270 | D:15     | Offered knowledge of Ignition by Vehumet.
 31305 | D:15     | Learned a level 8 spell: Ignition
 31689 | D:15     | Found a staircase to the Depths.
 31804 | D:15     | Found a shimmering blue altar of Sif Muna.
 31805 | D:15     | Found a hazy altar of Hepliaklqana.
 31805 | D:15     | Found a basalt altar of Yredelemnul.
 31823 | D:15     | Reached XP level 16. HP: 76/76 MP: 32/40
 32300 | D:15     | Reached skill level 1 in Armour
 32382 | D:15     | Reached skill level 1 in Fighting
 32443 | D:15     | Reached skill level 19 in Spellcasting
 32703 | D:15     | Noticed a storm dragon
 33106 | D:15     | Killed a storm dragon
 33752 | D:15     | Noticed a storm dragon
 33756 | D:15     | Killed a storm dragon
 33925 | D:15     | Found the +1 cloak of Starlight {rElec rC+ EV+4 Stlth--}
 33967 | D:15     | Got a jewelled ring mail
 33998 | D:15     | Identified the +6 ring mail of Fortification {Int+5} (You
                  | found it on level 15 of the Dungeon)
 34538 | D:10     | Offered knowledge of Fire Storm by Vehumet.
 34538 | D:10     | Offered knowledge of Chain Lightning by Vehumet.
 34538 | D:10     | Offered knowledge of Tornado by Vehumet.
 34634 | D:10     | Identified the Reference Book on Intoxication and Illusion
 35354 | Spider:1 | Entered Level 1 of the Spider Nest
 35426 | Spider:1 | Got a warped spear
 35789 | Spider:1 | Identified the +1 spear "Newtslayer" {vorpal, rC+ Dex+4}
                  | (You found it on level 1 of the Spider Nest)
 36079 | Spider:2 | Reached skill level 5 in Dodging
 36805 | Orc:2    | Bought the amulet of the Bull {MR+ Regen+} for 766 gold
                  | pieces
 36885 | Elf:1    | Entered Level 1 of the Elven Halls
 37207 | Elf:1    | Found Comoz's Gadget Emporium.
 37402 | Elf:1    | Reached XP level 17. HP: 86/86 MP: 33/42
 38245 | Elf:1    | Identified the Handbook of Evil Arts
 38265 | Elf:1    | Found Beadaa Tagof's Magic Scroll Shop.
 38270 | Elf:1    | Bought a scroll of teleportation for 42 gold pieces
 38270 | Elf:1    | Bought a scroll of teleportation for 42 gold pieces
 38270 | Elf:1    | Bought a scroll of teleportation for 42 gold pieces
 38270 | Elf:1    | Bought a scroll of identify for 28 gold pieces
 38270 | Elf:1    | Bought a scroll of identify for 28 gold pieces
 38554 | Elf:1    | Noticed Roxanne
 38759 | Elf:1    | Killed Roxanne
 39081 | Elf:2    | Found a runed translucent gate.
 39082 | Elf:2    | Found a runed translucent gate.
 39083 | Elf:2    | Found a runed translucent gate.
 39435 | Elf:2    | Found Sotejar's Armour Boutique.
 39439 | Elf:2    | Reached skill level 20 in Spellcasting
 39502 | Elf:2    | Bought a +2 buckler of reflection for 333 gold pieces
 40087 | Elf:2    | Noticed a deep elf blademaster
 40090 | Elf:2    | Killed a deep elf blademaster
 40905 | Elf:3    | Entered Level 3 of the Elven Halls
 41382 | Elf:3    | Noticed a deep elf master archer
 41384 | Elf:3    | Killed a deep elf master archer
 41384 | Elf:3    | Reached XP level 18. HP: 94/94 MP: 21/44
 41923 | Elf:3    | Reached skill level 10 in Air Magic
 42238 | Elf:3    | Identified the +8 glaive of Blood-Lust {vorpal, Fragile
                  | +Rage rF+ Str+7}
 42289 | Elf:3    | Identified the +3 battleaxe "Pyizxitt" {vorpal, Str+3}
 42370 | Elf:3    | Identified the +8 great mace of Impermanence {speed, +Inv
                  | rN+ Str+3}
 42370 | Elf:3    | Identified the +0 leather armour of Xuaxed {rElec rF-
                  | Int+7}
 42370 | Elf:3    | Identified the amulet "Tuthaock" {Reflect rC+ Slay-6 SH+5
                  | SInv}
 42438 | Elf:3    | Identified the Collected Works on the Ghastly Blaze
 42857 | Elf:3    | Noticed Louise
 42860 | Elf:3    | Killed Louise
 43416 | Elf:3    | Identified the Compendium of Cold and Flight
 43640 | Elf:3    | Got a dazzling quarterstaff
 43646 | Elf:3    | Identified the +3 quarterstaff of the Unliving {vamp,
                  | rElec} (You found it on level 3 of the Elven Halls)
 43944 | Elf:3    | Learned a level 2 spell: Swiftness
 44116 | Orc:2    | Bought the +2 flail of Beogh's Delight {venom, +Blink +Inv
                  | rPois Stlth-} for 456 gold pieces
 44763 | Spider:2 | You fall into a shaft and drop 1 floor!
 45781 | Spider:2 | Reached skill level 5 in Armour
 46272 | Spider:3 | Reached skill level 21 in Spellcasting
 47145 | Spider:3 | Reached skill level 5 in Fighting
 48208 | Spider:4 | Entered Level 4 of the Spider Nest
 49962 | Spider:4 | Reached XP level 19. HP: 100/100 MP: 33/46
 50789 | Spider:4 | Got a gossamer rune of Zot
 51137 | D:14     | Killed Pibbaybb's ghost
 51172 | D:14     | Got a crude copper ring
 51178 | D:14     | Got a shimmering hat
 51185 | D:14     | Identified Kikubaaqudgha's Handbook of Unholy Rituals
 51191 | D:14     | Identified the cursed +0 hat "Wekkeb" {Int+5 Dex+4} (You
                  | found it on level 14 of the Dungeon)
 51192 | D:14     | Identified the ring of Cosk {MP+9 Int+7 Dex+3} (You found
                  | it on level 14 of the Dungeon)
 51466 | Lair:4   | Killed kae's ghost
 51518 | Lair:4   | Got a heavily runed steel amulet
 51548 | Lair:4   | Identified the amulet "Roubbeuh" {Reflect rC++ Int+6 SH+5}
                  | (You found it on level 4 of the Lair of Beasts)
 51609 | Shoals:1 | Entered Level 1 of the Shoals
 51998 | Shoals:1 | Found Rich's Antique Weapon Boutique.
 52004 | Shoals:1 | Found Ycaryh's General Store.
 52018 | Shoals:1 | Bought a scroll of identify for 32 gold pieces
 52036 | Shoals:1 | Found Ohofeffa's Antique Armour Boutique.
 52044 | Shoals:1 | Bought a shiny helmet for 195 gold pieces
 52427 | Shoals:1 | Found Cyplob's Assorted Antiques.
 52430 | Shoals:1 | Bought a scroll of teleportation for 93 gold pieces
 53007 | Shoals:2 | Noticed Aizul
 53015 | Shoals:2 | Killed Aizul
 53802 | Shoals:2 | Got a heavy robe
 53803 | Shoals:2 | Identified the +2 robe of Green Awe {rN+ MR+} (You found it
                  | on level 2 of the Shoals)
 54363 | Shoals:3 | Found Xotu's Armour Shop.
 54484 | Shoals:3 | Reached skill level 22 in Spellcasting
 54918 | Shoals:4 | Entered Level 4 of the Shoals
 55271 | Shoals:4 | Reached XP level 20. HP: 100/106 MP: 44/48
 55312 | Shoals:4 | Got a smoking turquoise ring
 55316 | Shoals:4 | Identified the ring of Lucidity {rF+ MR+ Dex+6} (You found
                  | it on level 4 of the Shoals)
 55447 | Shoals:4 | Noticed Mara
 55452 | Shoals:4 | Killed Mara
 55623 | Shoals:4 | Got a barnacled rune of Zot
 56289 | Depths:1 | Entered Level 1 of the Depths
 56448 | Depths:1 | Found a gateway to Hell.
 58239 | Depths:1 | Reached skill level 23 in Spellcasting
 58419 | Depths:1 | Identified the Guide on Gliding Transformation
 58509 | Depths:1 | Found a gateway to a ziggurat.
 58718 | Depths:1 | Found Icurreff's Assorted Antiques.
 58722 | Depths:1 | Bought a potion of heal wounds for 230 gold pieces
 58722 | Depths:1 | Bought a scroll of amnesia for 161 gold pieces
 58758 | Depths:1 | Learned a level 8 spell: Chain Lightning
 59448 | Depths:2 | Found a snail-covered altar of Cheibriados.
 59576 | Depths:2 | Reached XP level 21. HP: 110/110 MP: 50/50
 59703 | Depths:2 | Found a transporter.
 59782 | Depths:2 | Found a transporter.
 60081 | Depths:2 | Found Perent's Weapon Shop.
 61991 | Depths:3 | Noticed a juggernaut
 61995 | Depths:3 | Killed a juggernaut
 62207 | Depths:3 | Found a one-way gate leading to the halls of Pandemonium.
 63340 | Depths:4 | Reached XP level 22. HP: 106/116 MP: 20/51
 63722 | Depths:4 | Identified the amulet "Jampecus" {rElec Regen+ Dex+2}
 63733 | Depths:4 | Reached skill level 15 in Air Magic
 63840 | Depths:4 | Reached skill level 24 in Spellcasting
 63906 | Depths:4 | Identified the Handbook of Unstable Air
 64197 | Depths:4 | Found a one-way gate to the infinite horrors of the Abyss.
 64562 | D:14     | You paid a toll of +3 storm dragon scales to enter a
                  | treasure trove
 64563 | Trove    | Entered a treasure trove
 64584 | Trove    | Got a clouded ruby amulet
 64629 | Trove    | Identified the amulet "Veseolya" {Reflect rF++ SH+5} (You
                  | found it in a treasure trove)
 64788 | Vaults:1 | Entered Level 1 of the Vaults
 64848 | Vaults:1 | Found Pextoses's Assorted Antiques.
 65089 | Vaults:1 | Learned a level 7 spell: Orb of Destruction
 65099 | Vaults:1 | Learned a level 9 spell: Fire Storm
 66018 | Vaults:1 | Noticed Asterion
 66028 | Vaults:1 | Killed Asterion
 67709 | Vaults:2 | Found a staircase to the Crypt.
 69310 | Vaults:2 | Reached skill level 10 in Dodging
 69568 | Vaults:3 | Reached XP level 23. HP: 122/123 MP: 50/53
 70742 | Vaults:3 | Identified the ring "Hiheukhlo" {rF+ rCorr}
 71588 | Vaults:3 | You fall into a shaft and drop 1 floor!
 71752 | Vaults:3 | Found Orcheh Hyleu's Antique Armour Shop.
 71758 | Vaults:3 | Bought a crude ring mail for 360 gold pieces
 71786 | Vaults:3 | Identified the cursed +1 ring mail "Zejead" {rN+ MR+ Int-4}
                  | (You bought it in a shop on level 3 of the Vaults)
 71993 | Vaults:4 | Reached skill level 25 in Spellcasting
 72735 | Vaults:4 | Noticed Xtahua
 72744 | Vaults:4 | Killed Xtahua
 73332 | Vaults:4 | Noticed Boris
 73334 | Vaults:4 | Killed Boris
 73368 | Vaults:4 | Reached XP level 24. HP: 129/130 MP: 54/54
 73726 | Vaults:5 | Entered Level 5 of the Vaults
 73731 | Vaults:5 | Reached skill level 26 in Spellcasting
 73749 | Vaults:5 | Mangled by a boulder beetle

Illustrated notes

Levels and vault maps discovered:
D:1:      lemuel_arrival_hallway, layout_basic
D:2:      layout_rooms, old_standard_altar, chequers_serial_rivers_small_a
D:3:      layout_basic, overflow_temple_1_default, uniq_robin
D:4:      layout_rooms, uniq_duvessa
D:5:      layout_loops_ring, zin_statuary, minmay_temple_entry_hall
D:6:      layout_loops_corners, kennysheep_small_square
D:7:      layout_gridville, nicolae_qazlal_style_of_elements, basic_altar,
          serial_shops, shop, shop_fountains, shop, sigmund_edmund_badplayer,
          uniq_maggie
D:8:      layout_rooms
D:9:      layout_roguey, marbit_many_paths, okawaru_metal_pillars_1_2
D:10:     gammafunk_beogh_shrine, layout_loops_ring, david_orc_2,
          serial_park_tiny_2, minmay_misc_feat_iff
D:11:     gammafunk_boulding_lane, layout_loops_ring, david_lair_shrubbed,
          minmay_misc_feat_tiny, lightli_elemental_guards
D:12:     layout_roguey, portal_ice_cave_entry_imps, serial_shops, shop,
          gauntlet_entry_generic, glass_columns_a
D:13:     layout_gridville, david_vaults_1
D:14:     layout_roguey, gammafunk_ghost_crypt, enter_trove_6,
          minmay_misc_feat_pillars, minmay_mirror_moons_of_madness
D:15:     hangedman_slaughterboxes
Lair:1:   layout_long_grid
Lair:2:   layout_small_grid, grunt_forest_large_clearings
Lair:3:   layout_cave_pods, uniq_sonja
Lair:4:   layout_cave_pods, elwin_shoals_entry_rooms, dummy_spider_entry,
          gammafunk_ghost_berserking_beasts, serial_bayou_shore_b
Lair:5:   layout_hall_layers, nicolae_slime_entry_slimehenge
Lair:6:   minmay_lair_end_enchanted_forest, layout_misc_corridors,
          patterned_corridor, lemuel_fruit_fields
Shoals:1: layout_shoals, serial_shops, nicolae_shop_behind_doors,
          nicolae_shop_waterfront, nicolae_shop_statue_plus, shop
Shoals:2: cheibrodos_shoals_roost, layout_shoals, centaur_isle, uniq_aizul
Shoals:3: layout_shoals, serial_shops, shop
Shoals:4: shoals_end_simple, layout_shoals, uniq_mara
Spider:1: layout_spider_delve
Spider:2: layout_spider_delve, drop_trap
Spider:3: layout_spider_delve, minmay_another_anthill
Spider:4: spider_rune_water, guppyfry_hornet_nest
Orc:1:    minmay_goldmine, layout_diamond_mine, basic_altar, serial_shops,
          shop_statue, minmay_orc_temple_a
Orc:2:    pubby_orc_utopia, serial_shops, uniq_jorgrun, uniq_donald
Elf:1:    eino_elf_arrival_sip, layout_loops_ring, serial_shops, shop, shop,
          minmay_elf_necromancy, grunt_megastairs_5, uniq_roxanne, uniq_kirke
Elf:2:    layout_geoelf_grid, serial_shops, shop
Elf:3:    minmay_elf_hall_quartered_circle, layout_onion_city, uniq_louise
Vaults:1: nicolae_vaults_lopsided_apartments, nicolae_vaults_alarming,
          nicolae_vaults_network_quinsquares
          [nicolae_vaults_network_quincunx_subvault,
          nicolae_vaults_network_quincunx_subvault,
          nicolae_vaults_network_quincunx_subvault,
          nicolae_vaults_network_quincunx_subvault], nicolae_vaults_network_s,
          hangedman_vaults_river_flow, nicolae_vaults_diagonal_hallway_8,
          vaults_mumra_minichess_inversion, v_alt_pattern_5,
          vaults_dpeg_encased_lava, layout_vaults_quadrants, serial_shops, shop,
          uniq_asterion
Vaults:2: grunt_vaults_funnel, nicolae_vaults_circle_grid_b,
          minmay_crypt_entry_simple_round, vaults_mumra_minichess, v_misc_27,
          grunt_vaults_twisty, ontoclasm_vaults_decontamination,
          v_alt_pattern_3, v_misc_24, vaults_room_grunt_arrival_checkpoint,
          nicolae_vaults_rhombus_6, layout_vaults_chaotic_city
Vaults:3: v_misc_1, st_greater_box_4, nicolae_vaults_what_the_h,
          nicolae_vaults_border_crossing, grunt_vaults_swirl,
          nicolae_vaults_theta, v_misc_33,
          vaults_standard_mumra_enter_the_diamond, nicolae_vaults_angled_halls,
          ontoclasm_vaults_ligature, nicolae_vaults_little_squares_4, v_misc_15,
          nicolae_vaults_ring_of_whatevers, vaults_room_door_ring,
          vaults_room_semicircle, layout_vaults_omnibox, serial_shops,
          nicolae_shop_crystal
Vaults:4: v_misc_13, hangedman_vaults_stagger, vaults_room_fancy_cross,
          hangedman_vaults_stitches, vaults_room_door_hall,
          ontoclasm_vaults_twist, nicolae_vaults_network_square, v_misc_30,
          v_pattern_4, v_misc_16, nicolae_vaults_gold_heap, layout_vaults_ring,
          uniq_xtahua, uniq_boris
Vaults:5: serial_shops
Depths:1: cheibrodos_salmonella, layout_cave_shapes, enter_ziggurat_b,
          serial_shops, shop, hangedman_coc_ice_floe, skrybe_limestone_x,
          minivault_15, chequers_serial_rivers_room_b, dk_noncrumbling_4,
          serial_bayou_lagoon_b
Depths:2: gammafunk_dig_for_victory, layout_small_grid, cheibriados_altar_1,
          hell_entry, serial_shops, nicolae_shop_crystal,
          infiniplex_staircase_pool_2, serial_bayou_shore_a
Depths:3: minmay_bloctagon_deflated, layout_gridlike, hell_entry,
          rand_demon_pan_entry_3, kennysheep_cluttered_room,
          minmay_serpent_palace, infiniplex_staircase_x
Depths:4: minmay_fractal_lines_corner, layout_basic, hell_entry,
          minmay_misc_feat_rugged, abyss_entry, kennysheep_decorative_pillar,
          infiniplex_staircase_diamond

Skill      XL: |  1  2  3  4  5  6  7  8  9 10 11 12 13 14 15 16 17 18 19 20 21 22 23 24 |
---------------+-------------------------------------------------------------------------+-----
Spellcasting   | 4 5 6 7 9 10 12 13 15 16 17 18 19 20 21 22 23 24 25 26 | 26.1
Conjurations   | 5 6 7 8 9 10 12 13 14 15 16 17 18 19 20 21 22 | 22.5
Fire Magic     | 1 2 3 5 7 8 9 11 12 13 14 15 16 17 18 19 20 21 22 | 22.0
Hexes          | 3 5 7 8 9 |  9.0
Translocations | 3 4 5 6 |  6.0
Air Magic      | 3 5 6 8 9 11 12 13 14 15 16 | 16.9
Shields        | 2 4 |  4.0
Dodging        | 5 7 8 10 11 | 11.6
Armour         | 2 4 5 6 7 |  7.9
Fighting       | 2 4 5 6 7 |  7.8
Stealth        | |  2.4

Action                   |  1- 3 |  4- 6 |  7- 9 | 10-12 | 13-15 | 16-18 | 19-21 | 22-24 || total
-------------------------+-------+-------+-------+-------+-------+-------+-------+-------++-------
Melee: Staff             |       |       |     1 |       |     4 |       |     2 |    40 ||    47
       Flail             |       |       |       |       |       |    70 |       |       ||    70
 Cast: Magic Dart        |    57 |    59 |    88 |    97 |   566 |   224 |   242 |    42 ||  1375
       Searing Ray       |     2 |    22 |    58 |    81 |    20 |     1 |       |       ||   184
       Conjure Flame     |       |       |    11 |    24 |     1 |     6 |     8 |    10 ||    60
       Iskenderun's Myst |       |       |     5 |    24 |   187 |   180 |   132 |    44 ||   572
       Fulminant Prism   |       |       |     7 |    67 |    51 |    17 |     4 |       ||   146
       Iskenderun's Batt |       |       |       |       |   119 |    97 |    88 |    20 ||   324
       Summon Lightning  |       |       |       |       |    21 |       |       |       ||    21
       Bolt of Magma     |       |       |       |       |    17 |     4 |       |       ||    21
       Lightning Bolt    |       |       |       |       |    14 |    36 |    58 |    18 ||   126
       Fireball          |       |       |       |       |    30 |   232 |   212 |   207 ||   681
       Ignition          |       |       |       |       |       |    11 |    64 |    56 ||   131
       Blink             |       |       |       |       |       |       |     2 |     1 ||     3
       Swiftness         |       |       |       |       |       |       |     1 |     1 ||     2
       Chain Lightning   |       |       |       |       |       |       |    21 |    52 ||    73
       Orb of Destructio |       |       |       |       |       |       |       |     7 ||     7
       Fire Storm        |       |       |       |       |       |       |       |    10 ||    10
Evoke: Wand              |       |       |       |       |       |       |     1 |       ||     1
  Use: Scroll            |       |       |    15 |    13 |    15 |     9 |    11 |    11 ||    74
       Potion            |       |       |       |       |     1 |       |     1 |       ||     2
Armor: Robe              |       |     2 |     3 |     1 |       |       |       |       ||     6
       Leather armour    |       |       |       |     5 |    11 |       |       |       ||    16
       Quicksilver drago |       |       |       |       |    14 |    55 |    38 |       ||   107
       Ring mail         |       |       |       |       |       |    16 |     3 |    47 ||    66
Dodge: Dodged            |     4 |     7 |    16 |    25 |    36 |    60 |    36 |    65 ||   249
Block: Buckler           |       |       |       |       |    17 |   107 |    71 |    69 ||   264
       Reflection        |       |       |       |       |       |     2 |    29 |    29 ||    60

Table legend: (Time is in decaauts)
 A = Elapsed time spent in this place.
 B = Non-inter-level travel time spent in this place.
 C = Inter-level travel time spent in this place.
 D = Time resting spent in this place.
 E = Time spent auto-exploring this place.
 F = Levels seen in this place.
 G = Mean time per level.
                   A        B        C        D        E       F      G
               +--------+--------+--------+--------+--------+-----+--------+
         Total |  74257 |  67515 |   6742 |  28118 |  28308 |  46 | 1614.3 |
       Dungeon |  22850 |  19726 |   3124 |   7654 |   9055 |  15 | 1523.3 |
          Lair |   9891 |   8555 |   1336 |   2700 |   4528 |   6 | 1648.5 |
        Shoals |   4587 |   4340 |    247 |   1685 |   2061 |   4 | 1146.8 |
   Spider Nest |   7712 |   7304 |    408 |   4401 |   1859 |   4 | 1928.0 |
  Orcish Mines |   4463 |   3908 |    555 |   1377 |   1687 |   2 | 2231.5 |
   Elven Halls |   7178 |   6731 |    447 |   3384 |   1940 |   3 | 2392.7 |
        Vaults |   8968 |   8635 |    333 |   3101 |   4362 |   5 | 1793.6 |
        Depths |   7843 |   7554 |    289 |   3722 |   2592 |   4 | 1960.8 |
         Trove |     82 |     82 |      0 |      0 |      0 |   1 |   82.0 |
      Ice Cave |    485 |    485 |      0 |     94 |     91 |   1 |  485.0 |
      Gauntlet |    193 |    193 |      0 |      0 |    130 |   1 |  193.0 |
               +--------+--------+--------+--------+--------+-----+--------+

Top non-repeatable levels by time:
    D:15: 3501 daAuts
   Orc:2: 3478 daAuts
   Elf:3: 3077 daAuts
    D:11: 2736 daAuts
Spider:4: 2628 daAuts
Vaults:1: 2559 daAuts
Vaults:3: 2424 daAuts
Spider:3: 2341 daAuts
Depths:1: 2290 daAuts
Spider:2: 2245 daAuts
Depths:3: 2166 daAuts
   Elf:1: 2160 daAuts
  Lair:6: 2145 daAuts
    D:10: 2141 daAuts
Vaults:2: 2078 daAuts
